Map: Oxide LE

Players

HeroMarine - Winner!

  • Race: Terran Terran
  • League: Grandmaster
  • Spawn Location: 1:00

goblin

  • Race: Protoss Protoss
  • League: Grandmaster
  • Spawn Location: 7:00

Event: DreamHack SC2 Masters 2020 Winter

VOD

Have the link to the VOD?

Description

Time

  • Played on: Oct. 22, 2020, 11:15 a.m.
  • Length: 6:17

All games in this series

Show
View Real Time Build Order
Export as new Build Order

HeroMarine Terran - Winner!

Build Orders: Reaper Expand 

Get SALT Encoding   

  12  0:00  SCV  
  13  0:12  SCV  
  14  0:17  Supply Depot  
  14  0:24  SCV  
  15  0:38  SCV  
  15  0:39  Barracks  
  16  0:43  Refinery  
  16  0:50  SCV  
  17  1:02  SCV  
  18  1:15  SCV  
  19  1:26  Reaper  
  19  1:27  Orbital Command  
  20  1:48  Command Center  
  20  1:53  Supply Depot  
  20  1:59  Bunker  
  20  2:01  Reaper  
  20  2:04  SCV  
  22  2:16  SCV  
  22  2:21  Factory  
  23  2:29  SCV  
  24  2:30  Refinery  
  24  2:33  Marine  
  25  2:41  SCV  
  26  2:52  Barracks Reactor  
  26  2:53  SCV  
  27  3:00  SCV  
  28  3:09  SCV  
  28  3:10  Starport, Widow Mine  
  30  3:18  Orbital Command  
  30  3:21  SCV  
  31  3:31  Marine x2  
  31  3:33  SCV, Factory Tech Lab  
  34  3:46  SCV x2  
  35  3:49  Marine x2, Medivac  
  35  3:52  Supply Depot  
  35  3:55  Cyclone  
  41  3:58  SCV x2  
  43  4:03  Supply Depot  
  43  4:07  Marine x2  
  45  4:10  SCV  
  45  4:13  SCV  
  47  4:17  Supply Depot  
  47  4:19  Viking  
  47  4:22  SCV  
  50  4:25  Marine x2, SCV  
  53  4:34  SCV  
  53  4:37  SCV  
  53  4:38  Cyclone  
  58  4:42  Marine x2  
  58  4:45  Command Center  
  60  4:46  SCV  
  60  4:50  SCV, Viking  
  64  4:58  SCV  
  65  5:02  SCV  
  65  5:03  Supply Depot  
  65  5:04  Marine x2, Barracks  
  68  5:10  SCV  
  68  5:14  SCV  
  70  5:22  Barracks  
  70  5:24  SCV, Siege Tank  
  70  5:27  SCV, Bunker  
  75  5:30  Marine  
  75  5:31  Marine  
  75  5:34  Engineering Bay  
  77  5:36  SCV  
  78  5:55  Refinery  
  78  5:56  Barracks Tech Lab, Marine x2, Refinery, SCV  
  78  5:57  SCV  
  82  6:03  SCV  
  81  6:07  Barracks  
Show
View Real Time Build Order
Export as new Build Order

goblin Protoss 

Build Orders: 1 Gate Expand, Phoenix Opening 

Get SALT Encoding   

  12  0:00  Probe  
  13  0:12  Probe  
  14  0:18  Pylon  
  14  0:24  Probe (Chrono Boost)  
  15  0:36  Probe (Chrono Boost)  
  15  0:38  Gateway  
  16  0:45  Probe (Chrono Boost)  
  16  0:46  Assimilator  
  17  0:50  Probe  
  18  1:03  Probe  
  19  1:20  Nexus  
  19  1:22  Probe  
  20  1:34  Cybernetics Core  
  20  1:37  Probe  
  21  1:42  Assimilator  
  21  1:49  Probe  
  21  1:52  Pylon  
  22  2:02  Probe  
  23  2:09  Stalker (Chrono Boost)  
  25  2:16  Probe  
  25  2:19  Pylon  
  25  2:32  Stalker  
  26  2:40  Probe x2  
  28  2:49  Stargate, Shield Battery  
  28  2:52  Probe x2  
  30  3:03  Stalker  
  31  3:09  Probe x2  
  33  3:21  Probe x2  
  35  3:31  Phoenix (Chrono Boost)  
  35  3:33  Probe  
  35  3:34  Probe  
  39  3:47  Phoenix  
  39  3:52  Probe (Chrono Boost)  
  39  3:53  Probe (Chrono Boost)  
  44  4:03  Probe (Chrono Boost)  
  44  4:05  Twilight Council, Probe (Chrono Boost)  
  44  4:08  Probe (Chrono Boost)  
  45  4:11  Probe  
  45  4:12  Phoenix (Chrono Boost)  
  49  4:17  Pylon  
  49  4:18  Probe  
  49  4:23  Probe  
  51  4:35  Phoenix (Chrono Boost), Probe x2  
  51  4:37  Pylon  
  55  4:47  Probe  
  55  4:51  Gateway x2  
  56  5:05  Zealot  
  58  5:07  Phoenix (Chrono Boost)  
  58  5:11  Nexus  
  60  5:16  Shield Battery  
  60  5:18  Pylon  
  60  5:25  Probe x2  
  60  5:27  Assimilator  
  60  5:30  Phoenix (Chrono Boost)  
  60  5:33  Assimilator  
  62  5:37  Pylon  
  62  5:44  Gateway x2  
  62  5:47  Gateway  
  62  5:48  Pylon  
  60  5:50  Phoenix  
  61  5:59  Probe x2  
  63  6:05  Shield Battery  
Tags
 
Add a new tag
Caveats
  • Supply blocks, unpowered buildings, or Contaminate may cause inaccurate times.
  • Supply counts are checked every 10 seconds.